 Dungeon Crawl Stone Soup version 0.20-a0-261-gcb1eca7 (webtiles) character file.

140 shitimlost the Twirler (level 5, -4/32 HPs)
             Began as a Gargoyle Gladiator on Dec 3, 2016.
             Slain by an ice beast (14 damage)
             ... on level 3 of the Dungeon.
             The game lasted 00:03:04 (1133 turns).

shitimlost the Twirler (Gargoyle Gladiator)         Turns: 1133, Time: 00:03:05

Health: -4/32      AC: 10    Str: 24    XL:     5   Next: 23%
Magic:  5/5        EV: 12    Int:  9    God:
Gold:   78         SH:  0    Dex: 10    Spells: 4/4 levels left

rFire  . . .     SeeInvis .     a - +0 quarterstaff
rCold  . . .     Gourm    .     k - +0 ring mail
rNeg   + . .     Faith    .     (shield currently unavailable)
rPois  ∞         Spirit   .     c - +0 helmet
rElec  +         Reflect  .     (no cloak)
rCorr  .         Harm     .     (no gloves)
MR     .....                    (no boots)
Stlth  ..........               (no amulet)
                                (no ring)
                                (no ring)

@: mighty
A: negative energy resistance 1, electricity resistance, unbreathing,
petrification resistance, rot immunity, AC +4
a: no special abilities


You were on level 3 of the Dungeon.
You were not hungry.

You visited 1 branch of the dungeon, and saw 4 of its levels.

You collected 78 gold pieces.

Inventory:

Hand Weapons
 a - a +0 quarterstaff (weapon)
Missiles
 g - 2 javelins (quivered)
Armour
 b - a +0 leather armour
 c - a +0 helmet (worn)
 k - a +0 ring mail (worn)
 r - a +0 chain mail
Scrolls
 e - a scroll of remove curse
 i - a scroll of identify
 j - 2 scrolls of teleportation
 n - a scroll of noise {unknown}
 q - a scroll of fear {unknown}
 s - a scroll of recharging {unknown}
 u - a scroll of enchant armour {unknown}
Potions
 t - a potion of magic {unknown}
Comestibles
 f - 4 bread rations
 h - 4 meat rations
 l - a royal jelly
 m - 8 chunks of flesh
 o - a slice of pizza
 v - 4 fruits


   Skills:
 + Level 3.5 Fighting
 + Level 3.7 Staves
 + Level 2.8 Throwing
 + Level 3.1 Dodging


You had 4 spell levels left.
You didn't know any spells.

Dungeon Overview and Level Annotations

Branches:
Dungeon (4/15)
 Temple: D:4-7

Altars:


Innate Abilities, Weirdness & Mutations

You are resistant to torment.
Your stone body is resilient. (AC +4)
You are immune to poison.
You resist negative energy. (rN+)
You are resistant to electric shocks. (rElec)
You can survive without breathing.
You are immune to petrification.
You are immune to rotting.


Message History

You hit the ice beast but do no damage.
The ice beast is heavily wounded.
The ice beast barely misses you.
You barely miss the ice beast.
The ice beast is heavily wounded.
The ice beast hits you but does no damage.
You hit the ice beast but do no damage.
The ice beast is heavily wounded.
The ice beast hits you but does no damage.
The ice beast hits you. The ice beast freezes you!
You hit the ice beast but do no damage.
The ice beast is heavily wounded.
The ice beast hits you. The ice beast freezes you!
You hit the ice beast.
The ice beast is heavily wounded.
The ice beast hits you but does no damage.
It was a potion of might.
You feel very mighty all of a sudden. The ice beast hits you.
The ice beast freezes you!
You die...

#########
(.....Y@#
#######.# #.# #.#
#.# #.# #.# #.#
#########
#.#####.......####


You could see an ice beast.

Vanquished Creatures
  An ogre (D:4)
  A worm (D:2)
  A dart slug (D:1)
  3 orcs (D:4)
  A ball python (D:1)
  6 giant cockroaches
  4 goblins
  3 hobgoblins
  11 jackals (D:1)
  3 kobolds
  3 bats (D:1)
  3 frilled lizards
  4 rats
44 creatures vanquished.

Notes
Turn   | Place    | Note
-------+----------+-------------------------------------------
     0 | D:1      | shitimlost the Gargoyle Gladiator began the quest for the Orb.
     0 | D:1      | Reached XP level 1. HP: 12/12 MP: 1/1
   107 | D:1      | Reached XP level 2. HP: 18/18 MP: 2/2
   319 | D:1      | Reached XP level 3. HP: 22/22 MP: 3/3
   573 | D:1      | You fall through a shaft!
   840 | D:2      | Found a faded altar of an unknown god.
   856 | D:2      | You fall through a shaft for 2 floors!
   865 | D:4      | Noticed an ogre
   885 | D:4      | Killed an ogre
   885 | D:4      | Reached XP level 4. HP: 27/28 MP: 4/4
   885 | D:4      | Reached XP level 5. HP: 31/32 MP: 5/5
  1121 | D:3      | Noticed an ice beast
  1133 | D:3      | Slain by an ice beast

Vault maps used:
D:1:      nicolae_arrival_memento_mori, st_stairs_8, minmay_pentomino_x2
D:2:      chequers_ecumenical_altar_simple
D:3:      grunt_temple_overflow_open, uniq_grinder
D:4:      first_bread

Skill      XL: |  1  2  3 |
---------------+----------+-----
Throwing       | 2 |  2.8
Fighting       | 3 |  3.5
Dodging        | 3 |  3.1
Staves         | |  3.7

Action                   |  1- 3 |  4- 6 || total
-------------------------+-------+-------++-------
Melee: Quarterstaff      |   117 |    21 ||   138
Throw: Throwing net      |     1 |     2 ||     3
  Use: Scroll            |     2 |       ||     2
       Potion            |       |     1 ||     1
  Eat: Chunk             |       |     1 ||     1
Armor: Leather armour    |    35 |       ||    35
       Ring mail         |    11 |    10 ||    21
Dodge: Dodged            |    85 |     7 ||    92
